Map: Redshift LE

Players

Kohnja - Winner!

  • Race: Terran Terran
  • League: Platinum
  • Spawn Location: 7:00

Test

  • Race: Terran Terran
  • Spawn Location: 11:00

VOD

Have the link to the VOD?

Description

Time

  • Played on: May 15, 2018, 5:47 p.m.
  • Length: 16:21
Show
View Real Time Build Order
Export as new Build Order

Kohnja Terran - Winner!

Build Orders:  

Get SALT Encoding   

  12  0:00  SCV  
  13  0:13  SCV  
  14  0:21  Supply Depot  
  14  0:25  SCV  
  15  0:43  SCV  
  15  0:47  Barracks  
  16  0:55  SCV  
  17  1:07  SCV  
  18  1:18  Command Center  
  18  1:20  SCV  
  19  1:32  SCV  
  20  1:43  Supply Depot  
  20  1:44  Marine  
  20  1:45  Orbital Command  
  21  1:49  Refinery  
  21  2:02  Marine  
  21  2:05  Refinery  
  22  2:14  SCV  
  23  2:21  Bunker  
  23  2:23  Marine  
  23  2:26  SCV  
  25  2:34  Orbital Command  
  25  2:38  SCV  
  25  2:44  Marine  
  27  2:52  Factory  
  27  3:00  SCV  
  27  3:02  SCV  
  29  3:08  Command Center  
  29  3:12  SCV  
  30  3:16  SCV  
  30  3:17  Refinery  
  31  3:28  SCV  
  31  3:32  Barracks Tech Lab, SCV  
  33  3:37  Starport  
  33  3:41  SCV  
  34  3:48  SCV  
  35  3:53  SCV  
  36  4:00  SCV  
  37  4:06  Siege Tank  
  37  4:08  Refinery  
  37  4:09  Barracks Tech Lab  
  40  4:17  Fusion Core  
  40  4:22  Starport Tech Lab, Starport  
  36  4:41  Banshee  
  38  4:55  Barracks Reactor  
  38  4:56  Cloaking Field  
  38  5:05  Engineering Bay  
  38  5:07  SCV  
  38  5:09  SCV  
  41  5:15  Orbital Command  
  41  5:16  Siege Tank  
  41  5:20  SCV  
  44  5:21  SCV  
  45  5:36  Hyperflight Rotors  
  45  5:37  Banshee x2  
  51  5:45  Marine x2  
  53  5:51  Armory  
  53  6:03  Marine x2  
  52  6:13  Orbital Command  
  52  6:20  SCV x2  
  52  6:21  Marine x2  
  52  6:22  Bunker  
  56  6:32  SCV x2  
  58  6:38  Marine  
  58  6:39  Marine  
  60  6:44  SCV, Refinery  
  61  6:47  Refinery  
  61  6:52  Armory  
  61  6:57  Terran Ship Weapons Level 1  
  61  7:05  Bunker  
  61  7:09  Neosteel Frame  
  61  7:28  Supply Depot  
  61  7:30  Supply Depot  
  61  7:38  Marine x2, SCV x3, Battlecruiser  
  61  7:43  Command Center  
  72  7:50  SCV x3, Battlecruiser  
  81  7:55  Marine x2  
  81  7:57  Supply Depot  
  81  7:58  Supply Depot  
  83  8:02  SCV x3  
  73  8:13  Marine x2  
  73  8:14  SCV x2  
  78  8:20  Supply Depot  
  78  8:22  Supply Depot  
  78  8:26  SCV x2  
  73  8:31  Marine x2  
  73  8:33  Terran Vehicle And Ship Armor Level 1  
  67  8:42  Battlecruiser  
  73  8:49  Marine x2  
  73  8:54  Battlecruiser, Supply Depot  
  81  8:57  Terran Ship Weapons Level 2  
  81  8:59  Supply Depot  
  81  9:02  Weapon Refit  
  81  9:07  Marine, Bunker  
  81  9:08  Terran Infantry Weapons Level 1  
  82  9:10  Siege Tank  
  85  9:17  Supply Depot  
  85  9:20  Command Center  
  85  9:22  Supply Depot  
  85  9:29  Starport  
  85  9:33  Marine  
  85  9:34  Marine  
  87  9:38  Bunker  
  87  9:43  Supply Depot  
  87  9:45  Supply Depot  
  87  9:48  Battlecruiser  
  87  9:51  Marine  
  87  9:52  Marine  
  95  9:58  Orbital Command  
  95  9:59  SCV  
  96  10:00  SCV  
  96  10:06  Supply Depot  
  97  10:08  Supply Depot  
  97  10:09  Marine x2  
  97  10:12  SCV x2  
  101  10:19  Battlecruiser  
  101  10:20  Bunker  
  107  10:21  Starport Reactor  
  107  10:24  SCV x2  
  107  10:27  Marine x2  
  111  10:31  Supply Depot  
  111  10:36  SCV x2  
  111  10:41  Command Center  
  113  10:47  Marine x2  
  115  10:51  Bunker  
  115  10:59  Battlecruiser  
  121  11:04  Marine  
  121  11:05  Marine  
  123  11:14  Siege Tank, Refinery  
  123  11:18  Refinery  
  126  11:20  Planetary Fortress  
  126  11:22  Marine x2  
  128  11:29  Bunker  
  128  11:40  Marine x2  
  120  12:02  Orbital Command  
  117  12:33  Bunker  
  117  12:50  Battlecruiser  
  117  12:51  Battlecruiser  
  129  13:04  Bunker  
  129  13:20  SCV  
  129  13:24  SCV x2  
  132  13:32  SCV  
  133  13:36  SCV x2  
  135  13:45  SCV  
  136  13:53  Terran Vehicle And Ship Armor Level 2  
  136  13:55  Battlecruiser x2  
  148  13:57  SCV  
  149  14:12  Refinery  
  149  14:13  SCV x4, Refinery  
  153  14:25  SCV x3  
  156  14:44  Viking  
  156  14:45  Viking  
  160  14:59  Battlecruiser x2  
  160  15:14  Viking  
  160  15:15  Viking  
  159  15:44  Viking  
  159  15:45  Viking  
Show
View Real Time Build Order
Export as new Build Order

Test Terran 

Build Orders:  

Get SALT Encoding   

  12  0:00  SCV  
  13  0:12  SCV  
  14  0:18  Supply Depot  
  14  0:24  SCV  
  15  0:29  Refinery  
  15  0:40  SCV  
  16  0:46  Barracks  
  16  0:59  Barracks  
  16  1:14  SCV  
  17  1:26  SCV  
  18  1:33  Marine, Barracks  
  19  1:48  Barracks Reactor  
  19  1:50  Barracks  
  19  1:51  Marine  
  20  2:03  Orbital Command  
  20  2:08  Supply Depot  
  20  2:10  Marine  
  21  2:21  Barracks Tech Lab  
  20  2:33  SCV  
  20  2:35  Marine x2  
  23  2:41  Marine  
  24  2:47  Barracks Reactor  
  24  2:50  Marine  
  25  2:58  Marine  
  25  2:59  Marine, Engineering Bay  
  25  3:01  Marine  
  28  3:07  SCV  
  30  3:12  Supply Depot  
  30  3:16  Marine  
  30  3:24  Stimpack  
  30  3:25  Marine  
  31  3:34  Marine x3, Supply Depot  
  35  3:45  Marine  
  35  3:46  Marine  
  35  3:48  Barracks Reactor  
  36  3:52  Marine x3  
  39  4:03  Marine  
  39  4:04  Marine  
  39  4:09  Marine x3  
  44  4:21  Marine  
  44  4:22  Marine  
  45  4:25  Marine x2  
  45  4:27  Marine x2  
  45  4:33  Terran Infantry Weapons Level 1  
  45  4:37  Marine  
  46  4:38  Marine  
  45  4:49  Marine  
  45  4:50  Marine  
  47  5:00  Supply Depot  
  47  5:07  Missile Turret  
  47  5:22  Marine x2  
  47  5:27  Factory  
  49  5:38  Command Center  
  49  5:57  Missile Turret  
  49  6:07  Missile Turret  
  49  6:14  SCV  
  49  6:16  Refinery  
  49  6:18  Missile Turret  
  50  6:26  SCV  
  50  6:29  Starport  
  50  6:30  Armory  
  50  6:31  Barracks Reactor  
  51  6:39  SCV  
  52  6:51  SCV  
  52  6:52  Marine x2  
  55  6:58  Cyclone  
  58  7:03  SCV  
  59  7:15  SCV, Hellion  
  62  7:17  Orbital Command  
  62  7:27  SCV, Medivac  
  65  7:43  SCV x2  
  67  7:51  Marine x3  
  70  8:00  Marine x2  
  70  8:01  Marine  
  70  8:02  SCV  
  59  8:06  Marine  
  59  8:09  Marine  
  51  8:17  Marine  
  51  8:18  Marine x3  
  55  8:24  Marine  
  55  8:27  Marine  
  54  8:34  Marine  
  54  8:36  Marine x3  
  58  8:48  Refinery  
  58  8:49  Refinery  
  58  8:55  Command Center  
  58  8:58  Barracks Reactor  
  58  9:04  Medivac  
  60  9:14  Factory  
  60  9:15  SCV  
  61  9:27  SCV  
  62  9:39  Missile Turret  
  62  9:44  Supply Depot  
  62  9:51  Supply Depot  
  62  10:05  SCV, Medivac  
  65  10:12  SCV  
  66  10:14  Orbital Command  
  66  10:17  SCV  
  66  10:19  Refinery  
  66  10:21  Missile Turret  
  67  10:23  Missile Turret  
  67  10:24  SCV  
  67  10:27  Smart Servos  
  68  10:30  SCV, Siege Tank  
  72  10:36  SCV  
  72  10:42  SCV, Hellion  
  76  10:45  Refinery  
  76  10:48  SCV  
  77  10:54  SCV  
  78  11:02  Siege Tank  
  81  11:06  SCV  
  82  11:13  SCV  
  82  11:18  SCV  
  84  11:20  SCV  
  86  11:25  SCV  
  86  11:30  SCV  
  86  11:31  Marine x2  
  86  11:32  Marine x3, SCV  
  92  11:38  Supply Depot, Terran Vehicle Weapons Level 1  
  93  11:41  Supply Depot  
  93  11:59  Marine x2, SCV  
  93  12:00  Marine x3, SCV, Siege Tank  
  99  12:02  Marine x2  
  101  12:11  Missile Turret  
  101  12:16  Marine x2  
  101  12:17  Missile Turret  
  101  12:18  Marine x3  
  101  12:20  Marine x2  
  107  12:32  Siege Tank  
  107  12:34  Marine x2  
  107  12:35  Marine x3  
  107  12:36  Terran Infantry Weapons Level 2  
  103  12:38  Marine x2, SCV  
  94  12:50  SCV  
  76  12:52  Marine x2  
  76  12:53  Marine x3  
  76  12:55  Viking  
  76  12:56  Marine x2  
  81  13:03  SCV  
  81  13:04  Siege Tank  
  76  13:10  Marine x2  
  76  13:11  Marine x3  
  81  13:14  Marine x2  
  85  13:28  Marine x2  
  85  13:29  Marine x3  
  85  13:31  Marine x2  
  92  13:38  Siege Tank, Starport Reactor  
  92  13:39  Starport  
  93  13:45  Marine  
  93  13:46  Command Center  
  94  13:51  Supply Depot  
  94  14:01  Supply Depot  
  94  14:12  Marine x7  
  94  14:15  Supply Depot  
  101  14:20  Sensor Tower  
  101  14:21  SCV  
  101  14:23  SCV  
  103  14:28  Viking  
  103  14:29  Viking  
  103  14:30  Marine x3  
  110  14:33  Starport Reactor  
  110  14:36  Marine x4  
  114  14:39  SCV x2, Supply Depot  
  116  14:51  SCV x2  
  118  14:58  Viking  
  118  14:59  Viking  
  70  15:17  Marine x3  
  52  15:31  Marine x4  
  45  15:37  Marine  
  46  15:46  Marine  
  39  15:52  Marine  
  27  16:04  SCV  
  30  16:14  Command Center  
Tags
 
League
Platinum
Matchup
TvT
Race
Terran
Spawn Locations
Close Positions
Add a new tag
Caveats
  • Supply blocks, unpowered buildings, or Contaminate may cause inaccurate times.
  • Supply counts are checked every 10 seconds.